 Dungeon Crawl Stone Soup version 0.20.0-10-g0535bb4 (webtiles) character file.

474264 tof the Minotaur Blade (level 23, -8/222 HPs)
             Began as a Minotaur Fighter on June 5, 2017.
             Was the Champion of Okawaru.
             Mangled by a yaktaur
             ... wielding a +0 spear of distortion
              (12 damage)
             ... while paralysed
             ... on level 3 of the Depths on June 7, 2017.
             The game lasted 04:28:52 (57422 turns).

tof the Minotaur Blade (Minotaur Fighter)          Turns: 57422, Time: 04:28:54

Health: -8/222     AC: 44    Str: 34    XL:     23   Next: 59%
Magic:  25/27      EV:  2    Int:  8    God:    Okawaru [******]
Gold:   2005       SH:  0    Dex: 10    Spells: 22/22 levels left

rFire    + + .     SeeInvis .   a - +1 great sword of Joyful Slaughter {flame, +Fly rPois MR++ Dex-4}
rCold    + + .     Gourm    .   (shield currently unavailable)
rNeg     . . .     Faith    .   W - +7 chain mail of the Stag {Slay+5}
rPois    +         Spirit   .   R - +2 hat {MR+}
rElec    .         Reflect  +   q - +2 cloak of the Furies {rF+}
rCorr    .         Harm     .   w - +2 pair of gloves {archery}
MR       +++++     Clarity  +   N - +2 pair of boots {Stlth+}
Stlth    +.........             o - amulet of Ychuckif {Reflect +Inv MR+ SH+3}
Regen    0.5/turn               Q - ring of Fixation {+Fly rC+ AC+3 Str+2 Int+3}
MPRegen  0.2/turn               i - +6 ring of protection

@: paralysed, mighty, heroism, corroded, berserk cooldown, slowed, studying
Shields
A: retaliatory headbutt, horns 2, talons 1, clarity, cold resistance 1, fire
resistance 1, low mp 1
}: 2/15 runes: barnacled, gossamer
a: Heroism, Finesse, Renounce Religion, Evoke Invisibility, Evoke Flight


You were on level 3 of the Depths.
You worshipped Okawaru.
Okawaru was exalted by your worship.
You were hungry.

You visited 9 branches of the dungeon, and saw 41 of its levels.
You visited the Abyss 1 time.
You visited 1 bazaar.
You also visited: Labyrinth, Ice Cave and Wizlab.

You collected 3977 gold pieces.
You spent 1972 gold pieces at shops.

Inventory:

Hand Weapons
 a - the +1 great sword of Joyful Slaughter (weapon) {flame, +Fly rPois MR++ Dex-4}
   (You found it on level 14 of the Dungeon)

   It has been specially enchanted to burn those struck by it, causing extra
   injury to most foes and up to half again as much damage against particularly
   susceptible opponents.
   Big, fiery blades are also staple armaments of hydra-hunters.
   It affects your dexterity (-4).
   It protects you from poison.
   It affects your resistance to hostile enchantments.
   It lets you fly.
 b - a +6 arbalest of venom
 n - a +7 demon blade of electrocution
Missiles
 f - 1565 bolts
Armour
 q - the +2 cloak of the Furies (worn) {rF+}
   (You found it on level 4 of the Dungeon)

   It protects you from fire.
 s - the +6 buckler "Ilokho" {rElec rC+ MP+9}
   (Okawaru gifted it to you on level 4 of the Lair of Beasts)

   It protects you from cold.
   It insulates you from electricity.
   It affects your magic capacity (+9).
 w - a +2 pair of gloves of archery (worn)
 I - a +2 pair of gloves
 N - a +2 pair of boots of stealth (worn)
 R - a +2 hat of magic resistance (worn)
 W - the +7 chain mail of the Stag (worn) {Slay+5}
   (You took it off a minotaur in a labyrinth)

   It affects your accuracy and damage with ranged weapons and melee attacks
   (+5).
Jewellery
 i - a +6 ring of protection (right hand)
 o - the amulet of Ychuckif (around neck) {Reflect +Inv MR+ SH+3}
   (You bought it in a shop on level 4 of the Vaults)

   [amulet of reflection]

   It shields you and reflects attacks.
   It affects your resistance to hostile enchantments.
   It lets you turn invisible.
   It affects your SH (+3).
 Q - the ring of Fixation (left hand) {+Fly rC+ AC+3 Str+2 Int+3}
   (You took it off a minotaur in a labyrinth)

   [ring of protection]

   It affects your AC (+3).
   It affects your strength (+2).
   It affects your intelligence (+3).
   It protects you from cold.
   It lets you fly.
Wands
 c - a wand of confusion (29/48)
 p - a wand of paralysis (15/24)
 r - a wand of disintegration (13/24)
 u - a wand of iceblast (7/15)
 G - a wand of enslavement (10/24)
 K - a wand of digging (10/24)
 P - a wand of iceblast (6/15)
 Y - a wand of confusion (36/48)
Scrolls
 d - 9 scrolls of fog
 g - 10 scrolls of recharging
 l - 9 scrolls of remove curse
 y - 4 scrolls of teleportation
 A - 7 scrolls of fear
 F - a scroll of enchant armour
 H - a scroll of silence
 J - 2 scrolls of summoning
 T - 2 scrolls of identify
 X - a scroll of blinking
Potions
 k - 7 potions of haste
 m - 16 potions of curing
 t - 9 potions of flight
 z - a potion of brilliance
 C - 5 potions of might
 D - 2 potions of invisibility
 L - 2 potions of berserk rage
 M - a potion of resistance
 O - 3 potions of cancellation
 Z - 3 potions of agility
Books
 e - a manual of Shields
Miscellaneous
 x - a lamp of fire
 B - 2 phantom mirrors
 E - a box of beasts
 S - a fan of gales
Comestibles
 h - 18 meat rations
 j - 32 royal jellies
 v - 28 fruits


   Skills:
 * Level 21.9(26.9) Fighting
 + Level 23.0(27) Long Blades
 + Level 13.0(18.0) Crossbows
 * Level 22.1(27) Armour
 + Level 17.1(22.1) Dodging
 - Level 11.7(16.7) Shields
 - Level 12.0 Invocations


You had 22 spell levels left.
You didn't know any spells.

Dungeon Overview and Level Annotations

Branches:
Dungeon (15/15)            Temple (1/1) D:4            Lair (6/6) D:11
 Shoals (4/4) Lair:2       Spider (4/4) Lair:2        Slime (0/5) Lair:6
    Orc (2/2) D:10            Elf (2/3) Orc:2        Vaults (4/5) D:13
  Crypt (0/3) Vaults:3     Depths (3/5) D:15

Altars:
Ashenzari
Cheibriados
Dithmenos
Elyvilon
Fedhas
Gozag
Hepliaklqana
Kikubaaqudgha
Makhleb
Nemelex Xobeh
Okawaru
Qazlal
Ru
Sif Muna
Trog
Uskayaw
Vehumet
Xom
Yredelemnul
Zin
The Shining One
Jiyva

Shops:
D:8 %*   D:10 (   D:11 :   Orc:2 (*!(}}   Elf:2 (   Vaults:4 !*=

Portals:
Hell: Depths:1 Depths:2
Abyss: Depths:1
Pandemonium: Depths:1

Annotations:
D:11 flight / swim
Depths:3 1 runed door


Innate Abilities, Weirdness & Mutations

You reflexively headbutt those who attack you in melee.
You have a pair of horns on your head.
You have sharp toenails.
You possess an exceptional clarity of mind.
Your flesh is cold resistant. (rC+)
Your flesh is heat resistant. (rF+)
Your magical capacity is low. (-10% MP)


Message History

The spriggan defender is severely wounded.
The spriggan defender barely misses you.
You furiously retaliate!
You headbutt the spriggan defender! You slice the spriggan defender!!
You burn the spriggan defender.
You kill the spriggan defender!
Okawaru accepts your kill.
The yaktaur zaps a wand.
The bolt of acid misses you.
You are no longer berserk.
You pass out from exhaustion.
You feel yourself slow down.
The yaktaur hits you but does no damage.
Space bends around you.
* * * LOW HITPOINT WARNING * * *
The sphinx hits you but does no damage. The sphinx hits you.
* * * LOW HITPOINT WARNING * * *
The sphinx hits you.
* * * LOW HITPOINT WARNING * * *
The yaktaur hits you but does no damage.
Space warps horribly around you!
You die...

############ ..
#<.......... . #.
#........... ..##..
#........... ....
#.....###### .p.#
#.....# #.. #.....#
#..##.u#######(....#
#.....cH@)$†('†....#
......i#######..)..#
.###... #.....# #..#
#.....# #.. #.....#
... #.....# ...
#.....# ..## #.....#


You could see a sphinx, a brown ugly thing, a spriggan air mage, a yaktaur and a
wizard.

Vanquished Creatures
  Saint Roka (Depths:3)
  The ghost of Gorglomux the Warrior, an adept HOFi of Makhleb (Depths:2)
  the Enchantress (Depths:3)
  Jorgrun (Depths:2)
  A lich (Depths:2)
  Asterion (Depths:1)
  A tentacled monstrosity (Depths:2)
  A deep elf blademaster (Elf:2)
  A kraken (Shoals:1)
  A shadow dragon (Depths:3)
  Roxanne (D:14)
  Donald (Shoals:4)
  2 tengu reavers
  2 fire giants
  A revenant (Vaults:3)
  Ilsuiw (Shoals:4)
  6 frost giants
  8 emperor scorpions
  8 vault wardens
  Louise (Spider:3)
  A juggernaut zombie (Depths:2)
  3 deep elf sorcerers
  Aizul (Depths:1)
  The ghost of Zwobot the Impaler, a journeyman MfIE of Hepliaklqana (Shoals:2)
  5 ghost moths
  A reaper (Depths:1)
  20 very ugly things
  4 spriggan defenders (Depths:3)
  2 entropy weavers
  10 ironheart preservers
  A ghoul (Vaults:3)
  A vampire knight (Depths:2)
  9 stone giants
  Azrael (Elf:1)
  2 deep elf annihilators (Vaults:1)
  4 spark wasps
  9 merfolk javelineers (Shoals:4)
  Snorg (Lair:3)
  13 yaktaur captains
  14 merfolk impalers
  10 ettins
  2 deep elf death magi
  8 fire dragons
  A jiangshi (Vaults:3)
  A minotaur (Lab)
  5 great orbs of eyes
  15 vault guards
  21 ogre magi
  5 ice dragons
  6 hydras
  A rakshasa (Vaults:2)
  2 spriggan air magi (Depths:3)
  8 centaur warriors
  2 alligator snapping turtles
  2 catoblepae
  4 merfolk aquamancers
  Erica (D:10)
  5 merfolk avatars
  65 two-headed ogres
  3 satyrs
  A deep troll earth mage (Depths:2)
  A deep troll shaman (Depths:2)
  7 tengu warriors
  A titan zombie (Depths:2)
  17 dancing weapons
  Urug (D:10)
  3 spriggan berserkers
  A soul eater (Depths:1)
  18 deep elf knights
  A titan skeleton (Depths:2)
  4 hell knights (Depths:2)
  18 sea snakes
  A glowing orange brain (Vaults:4)
  6 unseen horrors
  A gelid demonspawn (Depths:1)
  A shadow wraith (Vaults:3)
  2 flayed ghosts
  6 wizards
  8 deep trolls (Vaults:4)
  27 harpies
  A kraken simulacrum (Shoals:4)
  3 phantasmal warriors
  13 deep elf archers
  4 necromancers
  10 ironbrand convokers
  47 deep elf magi
  20 orb spiders
  5 orc knights
  43 wolf spiders
  The ghost of raph the Spear-Bearer, a novice MfMo of Okawaru (D:7)
  50 ugly things
  A cyclops (shapeshifter) (Vaults:2)
  An orb spider (shapeshifter) (Vaults:3)
  A mana viper (shapeshifter) (Vaults:4)
  A frost giant skeleton (Depths:2)
  A salamander (Depths:1)
  17 fauns
  An orc sorcerer (D:13)
  6 elephants
  5 moths of wrath
  20 manticores
  10 merfolk sirens
  Maurice (Orc:2)
  8 cyclopes
  A tengu skeleton (Depths:2)
  31 slime creatures
  6 ice statues
  A moth of wrath (shapeshifter) (Depths:2)
  5 black mambas
  A black mamba (shapeshifter) (Depths:1)
  A spriggan zombie (Depths:2)
  9 vault sentinels
  5 water nymphs
  An eye of devastation (Lair:6)
  9 spiny frogs
  4 gargoyles
  7 rime drakes
  4 freezing wraiths
  A storm dragon simulacrum (Vaults:3)
  4 torpor snails
  3 anaconda simulacra (IceCv)
  A golden dragon simulacrum (Depths:2)
  54 yaktaurs
  An ice devil (Depths:1)
  5 tengu conjurers
  18 demonic crawlers
  An elf zombie (Depths:2)
  8 komodo dragons
  A queen bee (Depths:3)
  38 jumping spiders
  A red devil (Depths:1)
  4 polar bears
  49 merfolk
  6 trolls
  21 hornets
  2 polar bears (shapeshifter)
  A shadow dragon simulacrum (Depths:2)
  2 tengu simulacra
  A hornet (shapeshifter) (D:13)
  A jumping spider (shapeshifter) (D:14)
  20 blink frogs
  A blink frog (shapeshifter) (Depths:3)
  A minotaur skeleton (Lab)
  12 wind drakes
  11 snapping turtles
  16 dream sheep
  22 hippogriffs
  2 air elementals (Elf:1)
  59 yaks
  92 redbacks
  2 spriggans
  32 tarantellas
  3 dire elephant simulacra (IceCv)
  A tarantella (shapeshifter) (Elf:1)
  19 water elementals
  A yak (shapeshifter) (Vaults:1)
  A spriggan skeleton (Depths:2)
  7 wyverns
  A wyvern (shapeshifter) (Vaults:2)
  A golden eye (shapeshifter) (Vaults:1)
  2 fire elementals
  A fire bat (shapeshifter) (Depths:3)
  A hog (shapeshifter) (Vaults:1)
  4 hungry ghosts
  A human simulacrum (Vaults:1)
  8 basilisks
  A steam dragon (D:10)
  3 vampire mosquitoes (D:12)
  Edmund (D:5)
  An iron troll simulacrum (IceCv)
  A harpy simulacrum (IceCv)
  6 wargs
  5 hell hounds
  An acid dragon (Vaults:1)
  A hydra simulacrum (IceCv)
  10 water moccasins
  A floating eye (shapeshifter) (Vaults:3)
  19 orc warriors
  13 porcupines
  2 hornet zombies
  9 ice beasts
  3 eyes of draining
  A sky beast (D:9)
  3 black bears
  A boggart (shapeshifter) (Depths:2)
  46 ogres
  The ghost of Findor the Chopper, an amateur MiGl (D:3)
  2 necrophages
  7 wolves
  7 boggarts
  25 centaurs
  13 crocodiles
  Blork the orc (D:5)
  15 bullfrogs
  2 big kobolds
  An ogre simulacrum (Vaults:1)
  Dowan (D:5)
  A wyvern skeleton (D:13)
  A water moccasin skeleton (D:7)
  7 scorpions
  20 killer bees
  17 wights
  A howler monkey (D:11)
  6 electric eels
  11 jellies
  5 crimson imps
  7 hounds
  2 bullfrog zombies
  6 centaur skeletons
  5 centaur zombies
  2 bullfrog skeletons
  22 orc wizards
  Crazy Yiuf (D:2)
  15 orc priests
  A quasit (D:7)
  4 iguanas
  12 worker ants
  A hound zombie (D:7)
  A worker ant zombie (D:5)
  11 adders
  5 shadow imps
  6 oozes
  An adder zombie (D:7)
  An adder skeleton (D:7)
  4 worms
  3 dart slugs
  4 leopard geckos
  71 orcs
  2 ball pythons
  6 giant cockroaches
  5 goblins
  2 hobgoblins
  9 jackals
  8 quokkas
  5 bats
  4 frilled lizards
  A jackal skeleton (D:4)
  A jackal zombie (D:5)
  15 kobolds
  3 leopard gecko skeletons
  A leopard gecko zombie (D:7)
  11 rats
  A spectral orc (D:5)
  A fungus (D:11)
  8 plants
  4 tentacles
1879 creatures vanquished.

Vanquished Creatures (collateral kills)
  A deep elf mage (Elf:2)
1 creature vanquished.

Vanquished Creatures (others)
  An unseen horror (D:13)
  An ugly thing (D:13)
  A redback (Spider:2)
  Duvessa (D:5)
  An elf simulacrum (Vaults:1)
  An adder (D:10)
  18 fungi
  52 plants
  31 tentacles
107 creatures vanquished.

Grand Total: 1987 creatures vanquished

Notes
Turn   | Place    | Note
-------+----------+-------------------------------------------
     0 | D:1      | tof the Minotaur Fighter began the quest for the Orb.
     0 | D:1      | Reached XP level 1. HP: 19/19 MP: 0/0
   168 | D:1      | Reached XP level 2. HP: 25/26 MP: 1/1
   349 | D:1      | Reached skill level 3 in Long Blades
   665 | D:2      | Reached skill level 1 in Dodging
   819 | D:2      | Found a hazy altar of Hepliaklqana.
  1055 | D:2      | Reached XP level 3. HP: 33/33 MP: 2/2
  1152 | D:2      | Found a runed door.
  1156 | D:2      | Noticed Crazy Yiuf
  1163 | D:2      | Killed Crazy Yiuf
  1163 | D:2      | Reached skill level 4 in Long Blades
  1165 | D:2      | Gained mutation: Your spells are a little harder to cast, but a little more powerful. [potion of mutation]
  1165 | D:2      | Gained mutation: You are somewhat resistant to further mutation. [potion of mutation]
  1400 | D:3      | Reached XP level 4. HP: 40/40 MP: 3/3
  1542 | D:3      | Found a faded altar of an unknown god.
  1604 | D:3      | Found an opulent altar of Gozag.
  1755 | D:3      | Found a hide-covered altar of Uskayaw.
  1804 | D:3      | Noticed Findor's ghost (amateur MiGl)
  2028 | D:3      | Killed Findor's ghost
  2028 | D:3      | Reached skill level 5 in Armour
  2028 | D:3      | Reached XP level 5. HP: 24/47 MP: 4/4
  2421 | D:4      | Got a blackened cloak
  2427 | D:4      | Identified the +2 cloak of the Furies {rF+} (You found it on level 4 of the Dungeon)
  2439 | D:4      | Found a staircase to the Ecumenical Temple.
  2465 | Temple   | Entered the Ecumenical Temple
  2743 | D:4      | Reached skill level 5 in Long Blades
  2745 | D:4      | Reached XP level 6. HP: 49/53 MP: 5/5
  3082 | D:5      | Entered Level 5 of the Dungeon
  3090 | D:5      | Found a shattered altar of Ashenzari.
  3118 | D:5      | Noticed Blork the orc
  3126 | D:5      | Killed Blork the orc
  3132 | D:5      | Lost mutation: You are somewhat resistant to further mutation. [potion of mutation]
  3132 | D:5      | Lost mutation: Your spells are a little harder to cast, but a little more powerful. [potion of mutation]
  3132 | D:5      | Gained mutation: You are clumsy. (Dex -2) [potion of mutation]
  3132 | D:5      | Gained mutation: You are robust. (+10% HP) [potion of mutation]
  3218 | D:5      | Found a basalt altar of Yredelemnul.
  3283 | D:5      | Noticed a water moccasin
  3290 | D:5      | Killed a water moccasin
  3290 | D:5      | Reached XP level 7. HP: 43/66 MP: 6/6
  3422 | D:5      | Reached skill level 6 in Long Blades
  3462 | D:5      | Reached skill level 5 in Fighting
  3746 | D:5      | Noticed Duvessa
  3749 | D:5      | Noticed Dowan
  3760 | D:5      | Killed Duvessa
  3771 | D:5      | Killed Dowan
  3907 | D:5      | Reached skill level 7 in Long Blades
  4376 | D:5      | Noticed Edmund
  4394 | D:5      | Killed Edmund
  4394 | D:5      | Reached XP level 8. HP: 70/75 MP: 7/7
  4490 | D:6      | Noticed a moth of wrath
  4493 | D:6      | Found a bloodstained altar of Trog.
  4572 | D:6      | Found a white marble altar of Elyvilon.
  4627 | D:6      | Found an iron altar of Okawaru.
  4637 | D:6      | Became a worshipper of Warmaster Okawaru
  4814 | D:6      | Noticed a hippogriff
  4824 | D:6      | Killed a hippogriff
  4824 | D:6      | Reached skill level 8 in Long Blades
  5022 | D:7      | Noticed raph's ghost (novice MfMo)
  5656 | D:7      | Killed raph's ghost
  5656 | D:7      | Reached * piety under Okawaru
  5656 | D:7      | Reached skill level 9 in Long Blades
  5656 | D:7      | Reached skill level 5 in Dodging
  5656 | D:7      | Reached XP level 9. HP: 65/85 MP: 8/8
  6017 | D:7      | Found a shadowy altar of Dithmenos.
  6076 | D:7      | Lost mutation: You are clumsy. (Dex -2) [potion of mutation]
  6076 | D:7      | Lost mutation: You are robust. (+10% HP) [potion of mutation]
  6076 | D:7      | Gained mutation: Your body sometimes deteriorates upon taking damage. [potion of mutation]
  6076 | D:7      | Gained mutation: Your natural rate of healing is unusually fast. [potion of mutation]
  6076 | D:7      | Gained mutation: Your mind is acute. (Int +2) [potion of mutation]
  6235 | D:7      | Reached skill level 1 in Invocations
  6245 | D:7      | Found a sparkling altar of Nemelex Xobeh.
  6364 | D:8      | Noticed a two-headed ogre
  6371 | D:8      | Killed a two-headed ogre
  6371 | D:8      | Reached ** piety under Okawaru
  6371 | D:8      | Reached skill level 10 in Long Blades
  6371 | D:8      | Reached skill level 10 in Armour
  6528 | D:8      | Found a glowing silver altar of Zin.
  6627 | D:8      | Found Sysez's Food Emporium.
  6634 | D:8      | Found Umaogrit's Wicked Wares.
  6639 | D:8      | Found a burning altar of Makhleb.
  6695 | D:8      | Noticed a two-headed ogre
  6704 | D:8      | Killed a two-headed ogre
  6704 | D:8      | Reached *** piety under Okawaru
  6704 | D:8      | Reached XP level 10. HP: 76/86 MP: 10/10
  7004 | D:8      | Found a viscous altar of Jiyva.
  7151 | D:9      | Gained mutation: You evolve. [mutagenic meat]
  7152 | D:9      | Gained mutation: You have an increased reservoir of magic. (+10% MP) [mutagenic meat]
  7153 | D:9      | Gained mutation: You occasionally shout uncontrollably at your foes. [mutagenic meat]
  7154 | D:9      | Gained mutation: You are partially covered in thin metallic scales. (AC +2) [mutagenic meat]
  7187 | D:9      | Found a deep blue altar of Sif Muna.
  7305 | D:9      | Received a gift from Okawaru
  7308 | D:9      | Reached skill level 11 in Long Blades
  7327 | D:9      | Noticed a two-headed ogre
  7332 | D:9      | Killed a two-headed ogre
  7375 | D:9      | Received a gift from Okawaru
  7398 | D:9      | Reached **** piety under Okawaru
  7551 | D:9      | Noticed a two-headed ogre
  7561 | D:9      | Killed a two-headed ogre
  7819 | D:9      | Found a shimmering altar of Xom.
  7854 | D:9      | Reached XP level 11. HP: 95/95 MP: 14/14
  7891 | D:10     | Entered Level 10 of the Dungeon
  7936 | D:10     | Found a staircase to the Orcish Mines.
  7973 | D:10     | Noticed Urug
  8021 | D:9      | Reached ***** piety under Okawaru
  8026 | D:9      | Reached skill level 12 in Long Blades
  8087 | D:10     | Killed Urug
  8090 | D:10     | Lost mutation: Your mind is acute. (Int +2) [potion of mutation]
  8090 | D:10     | Lost mutation: You occasionally shout uncontrollably at your foes. [potion of mutation]
  8090 | D:10     | Lost mutation: You evolve. [potion of mutation]
  8090 | D:10     | Gained mutation: You have sharp toenails. [potion of mutation]
  8090 | D:10     | Gained mutation: You have a pair of large horns on your head. [potion of mutation]
  8285 | D:10     | Received a gift from Okawaru
  8368 | D:10     | Noticed Erica
  8376 | D:10     | Killed Erica
  8422 | D:10     | Lost mutation: Your body sometimes deteriorates upon taking damage. [potion of mutation]
  8422 | D:10     | Lost mutation: Your natural rate of healing is unusually fast. [potion of mutation]
  8422 | D:10     | Lost mutation: You have a pair of large horns on your head. [potion of mutation]
  8422 | D:10     | Gained mutation: You are frail. (-10% HP) [potion of mutation]
  8422 | D:10     | Gained mutation: You possess an exceptional clarity of mind. [potion of mutation]
  8423 | D:10     | Lost mutation: You have an increased reservoir of magic. (+10% MP) [potion of mutation]
  8423 | D:10     | Lost mutation: You are frail. (-10% HP) [potion of mutation]
  8423 | D:10     | Lost mutation: You are partially covered in thin metallic scales. (AC +2) [potion of mutation]
  8423 | D:10     | Lost mutation: You possess an exceptional clarity of mind. [potion of mutation]
  8423 | D:10     | Gained mutation: Scrolls take you a little longer to read. [potion of mutation]
  8423 | D:10     | Gained mutation: You are agile. (Dex +2) [potion of mutation]
  8423 | D:10     | Gained mutation: Your flesh is cold resistant. (rC+) [potion of mutation]
  8508 | D:10     | Noticed a tengu warrior
  8522 | D:10     | Killed a tengu warrior
  8714 | D:10     | Found Enawecva's Weapon Boutique.
  8830 | D:8      | Bought a +1 demon blade of electrocution for 578 gold pieces
  9088 | D:11     | Noticed a two-headed ogre
  9107 | D:10     | Killed a two-headed ogre
  9107 | D:10     | Reached skill level 5 in Invocations
  9390 | D:11     | Found a staircase to the Lair.
  9664 | D:11     | Reached skill level 13 in Long Blades
  9739 | D:11     | Found Enolodwu's Book Emporium.
  9912 | D:11     | Reached XP level 12. HP: 100/106 MP: 15/15
 10711 | D:12     | Reached skill level 10 in Fighting
 10821 | D:12     | Received a gift from Okawaru
 10885 | D:12     | Noticed a two-headed ogre
 10891 | D:12     | Killed a two-headed ogre
 10891 | D:12     | Reached ****** piety under Okawaru
 11396 | D:13     | Found a basalt altar of Yredelemnul.
 11396 | D:13     | Noticed a centaur warrior
 11453 | Lair:1   | Entered Level 1 of the Lair of Beasts
 11725 | Lair:1   | Received a gift from Okawaru
 11808 | Lair:1   | Reached skill level 14 in Long Blades
 12464 | Lair:2   | Found a labyrinth entrance.
 12476 | Lab      | Entered a labyrinth
 13387 | Lab      | Noticed a minotaur
 13397 | Lab      | Killed a minotaur
 13397 | Lab      | Reached XP level 13. HP: 27/114 MP: 9/17
 13399 | Lab      | Got a flickering ivory ring
 13402 | Lab      | Got a shimmering chain mail
 13711 | Lab      | Identified the +7 chain mail of the Stag {Slay+5} (You took it off a minotaur in a labyrinth)
 13742 | Lab      | Identified the ring of Fixation {+Fly rC+ AC+3 Str+2 Int+3} (You took it off a minotaur in a labyrinth)
 13851 | Lair:2   | Found a staircase to the Shoals.
 14143 | Lair:2   | Found a hole to the Spider Nest.
 14422 | Lair:3   | Noticed Snorg
 14428 | Lair:3   | Killed Snorg
 15513 | Lair:4   | Reached skill level 15 in Armour
 15612 | Lair:4   | Lost mutation: Scrolls take you a little longer to read. [potion of mutation]
 15612 | Lair:4   | Lost mutation: You are agile. (Dex +2) [potion of mutation]
 15612 | Lair:4   | Gained mutation: You possess an exceptional clarity of mind. [potion of mutation]
 15612 | Lair:4   | Gained mutation: Your flesh is heat resistant. (rF+) [potion of mutation]
 15646 | Lair:4   | Reached skill level 15 in Long Blades
 15706 | Lair:4   | Received a gift from Okawaru
 15707 | Lair:4   | Got a polished buckler {god gift}
 15713 | Lair:4   | Identified the +6 buckler "Ilokho" {rElec rC+ MP+9} (Okawaru gifted it to you on level 4 of the Lair of Beasts)
 16070 | Lair:5   | Reached skill level 10 in Dodging
 16862 | Lair:6   | Entered Level 6 of the Lair of Beasts
 17146 | Lair:6   | Found a staircase to the Slime Pits.
 17162 | Lair:6   | Reached XP level 14. HP: 89/124 MP: 19/19
 17394 | Lair:6   | Received a gift from Okawaru
 17394 | Lair:6   | Reached skill level 5 in Shields
 18288 | Lair:6   | Received a gift from Okawaru
 18465 | Lair:6   | Reached skill level 16 in Long Blades
 19084 | Orc:1    | Entered Level 1 of the Orcish Mines
 19152 | Orc:2    | Entered Level 2 of the Orcish Mines
 19152 | Orc:2    | Found Ujeich's Gadget Shoppe.
 19221 | Orc:2    | Noticed Maurice
 19228 | Orc:2    | Killed Maurice
 19450 | Orc:2    | Found Mili's Weapon Shop.
 19450 | Orc:2    | Found Wynaez's Gadget Shoppe.
 19460 | Orc:2    | Found Kuzeeqem's General Store.
 19460 | Orc:2    | Found Zacitav's Distillery.
 19467 | Orc:2    | Received a gift from Okawaru
 19600 | Orc:2    | Reached XP level 15. HP: 98/134 MP: 21/21
 19915 | Orc:2    | Found a staircase to the Elven Halls.
 20088 | Orc:2    | Found Vopaesch's Weapon Shop.
 20334 | D:11     | Noticed a tengu reaver
 20350 | D:11     | Killed a tengu reaver
 20862 | D:13     | Paralysed by an orc sorcerer for 2 turns
 21079 | D:13     | Found a gate to the Vaults.
 21142 | D:13     | Reached skill level 17 in Long Blades
 22017 | D:13     | Received a gift from Okawaru
 22383 | D:14     | Noticed Roxanne
 22418 | D:14     | Killed Roxanne
 22591 | D:14     | Identified Roxanne's Volume of Changing (You took it off Roxanne on level 14 of the Dungeon)
 22706 | D:14     | Reached skill level 10 in Invocations
 23034 | D:14     | Got a twisted great sword
 23040 | D:14     | Identified the cursed +1 great sword of Joyful Slaughter {flame, +Fly rPois MR++ Dex-4} (You found it on level 14 of the Dungeon)
 23072 | D:14     | Found a sacrificial altar of Ru.
 23327 | D:15     | Entered Level 15 of the Dungeon
 23970 | D:15     | Found a staircase to the Depths.
 23970 | D:15     | Noticed a frost giant
 23975 | D:15     | Killed a frost giant
 24424 | Spider:1 | Entered Level 1 of the Spider Nest
 24544 | Spider:1 | Received a gift from Okawaru
 24544 | Spider:1 | Reached XP level 16. HP: 141/145 MP: 22/22
 24589 | Spider:1 | Found a frozen archway.
 24601 | IceCv    | Entered an ice cave
 24972 | IceCv    | Reached skill level 18 in Long Blades
 24992 | IceCv    | Identified the Catalogue of the Icy Entourage
 26803 | Spider:2 | Reached skill level 10 in Shields
 27621 | Spider:2 | Received a gift from Okawaru
 28454 | Spider:3 | Received a gift from Okawaru
 28900 | Spider:3 | Noticed Louise
 28901 | Spider:3 | Cast into level 2 of the Abyss (Louise)
 28901 | Abyss:2  | Found a corrupted altar of Lugonu.
 28921 | Spider:3 | Escaped the Abyss
 28949 | Spider:3 | Killed Louise
 28960 | Spider:3 | Reached skill level 19 in Long Blades
 28960 | Spider:3 | Reached XP level 17. HP: 129/154 MP: 24/24
 29698 | Spider:4 | Entered Level 4 of the Spider Nest
 30653 | Spider:4 | Received a gift from Okawaru
 31178 | Spider:4 | Paralysed by a hornet for 1 turns
 32358 | Spider:4 | Reached skill level 15 in Fighting
 32378 | Spider:4 | Got a gossamer rune of Zot
 32792 | Shoals:1 | Entered Level 1 of the Shoals
 33008 | Shoals:1 | Noticed a kraken
 33047 | Shoals:1 | Killed a kraken
 33264 | Shoals:1 | Received a gift from Okawaru
 33801 | Shoals:1 | Reached skill level 20 in Long Blades
 33803 | Shoals:1 | Reached XP level 18. HP: 107/163 MP: 25/25
 34639 | Shoals:2 | Noticed Zwobot's ghost (journeyman MfIE)
 34661 | Shoals:2 | Killed Zwobot's ghost
 36379 | Shoals:4 | Entered Level 4 of the Shoals
 36789 | Shoals:4 | Received a gift from Okawaru
 36958 | Shoals:4 | Found a flickering gateway to a bazaar.
 36960 | Shoals:4 | Noticed Ilsuiw
 36967 | Bazaar   | Entered a bazaar
 37045 | Bazaar   | Found Fimin's General Store.
 37056 | Bazaar   | Found Wyovoor's Jewellery Shoppe.
 37064 | Bazaar   | Found Qapp's Distillery.
 37075 | Bazaar   | Found Foir's Antique Weapon Boutique.
 37086 | Bazaar   | Found Wiaphefau's Antique Armour Emporium.
 37118 | Bazaar   | Bought a potion of experience for 550 gold pieces
 37118 | Bazaar   | Bought 2 potions of heal wounds for 110 gold pieces
 37119 | Bazaar   | Reached skill level 5 in Crossbows
 37119 | Bazaar   | Reached XP level 19. HP: 174/174 MP: 27/27
 37918 | Orc:2    | Bought 11 bolts for 28 gold pieces
 38502 | Shoals:4 | Received a gift from Okawaru
 38711 | Shoals:4 | Got a barnacled rune of Zot
 38741 | Shoals:4 | Noticed Donald
 38746 | Shoals:4 | Killed Donald
 38782 | Shoals:4 | Killed Ilsuiw
 38782 | Shoals:4 | Reached skill level 21 in Long Blades
 39659 | Shoals:4 | Reached XP level 20. HP: 176/184 MP: 28/28
 40323 | Vaults:1 | Entered Level 1 of the Vaults
 40844 | Vaults:1 | Received a gift from Okawaru
 41011 | Vaults:1 | Identified 2 scrolls of acquirement
 41357 | Vaults:1 | Received a gift from Okawaru
 42381 | Vaults:2 | Gained mutation: Your magical capacity is low. (-10% MP) [a neqoxec]
 42931 | Vaults:2 | Reached skill level 15 in Dodging
 42965 | Vaults:2 | Received a gift from Okawaru
 43000 | Vaults:2 | HP: 8/189 [stone giant (illusionary) (18)]
 43189 | Vaults:2 | Reached XP level 21. HP: 111/195 MP: 26/26
 44380 | Vaults:3 | Reached skill level 22 in Long Blades
 44720 | Vaults:3 | Reached skill level 10 in Crossbows
 45208 | Vaults:3 | Received a gift from Okawaru
 45241 | Vaults:3 | Found a staircase to the Crypt.
 45630 | Vaults:3 | Received a gift from Okawaru
 47459 | Vaults:4 | Found Liuproc's Jewellery Shoppe.
 47459 | Vaults:4 | Found Zawaz's General Store.
 47533 | Vaults:4 | Found Xunan's Distillery.
 47593 | Vaults:4 | Bought the amulet of Ychuckif {Reflect +Inv MR+ SH+3} for 706 gold pieces
 47995 | Elf:1    | Entered Level 1 of the Elven Halls
 48183 | Elf:1    | Reached XP level 22. HP: 207/207 MP: 26/26
 48377 | Elf:1    | Noticed Azrael
 48423 | Elf:1    | Killed Azrael
 49019 | Elf:2    | Received a gift from Okawaru
 49118 | Elf:2    | Found a huge runed gate.
 49118 | Elf:2    | Found a huge runed gate.
 49118 | Elf:2    | Found a huge runed gate.
 49118 | Elf:2    | Found a huge runed gate.
 49119 | Elf:2    | Found a huge runed gate.
 49198 | Elf:2    | Found Bantolel's Weapon Shop.
 51252 | Depths:1 | Entered Level 1 of the Depths
 51328 | Depths:1 | Received a gift from Okawaru
 51354 | Depths:1 | Found a one-way gate leading to the halls of Pandemonium.
 51489 | Depths:1 | Found a one-way gate to the infinite horrors of the Abyss.
 51512 | Depths:1 | Found a magical portal.
 51536 | WizLab   | Entered Wucad Mu's Monastery
 52981 | Depths:1 | Noticed Asterion
 53012 | Depths:1 | Killed Asterion
 53012 | Depths:1 | Received a gift from Okawaru
 53223 | Depths:1 | Found a gateway to Hell.
 53226 | Depths:1 | Noticed Aizul
 53238 | Depths:1 | Killed Aizul
 53454 | Depths:1 | Received a gift from Okawaru
 54095 | Depths:1 | Received a gift from Okawaru
 54393 | Depths:2 | Noticed Gorglomux's ghost (adept HOFi)
 54714 | Depths:2 | Received a gift from Okawaru
 54730 | Depths:2 | Killed Gorglomux's ghost
 54932 | Depths:2 | Noticed Jorgrun
 54941 | Depths:2 | Killed Jorgrun
 55203 | Depths:2 | Reached XP level 23. HP: 220/220 MP: 27/27
 55220 | Depths:2 | Received a gift from Okawaru
 55350 | Depths:2 | Received a gift from Okawaru
 56591 | Depths:3 | Reached skill level 23 in Long Blades
 56912 | Depths:3 | Noticed a juggernaut
 56940 | Depths:3 | Found a runed door.
 56990 | Depths:3 | Noticed Saint Roka
 57028 | Depths:3 | Killed Saint Roka
 57364 | Depths:3 | Noticed the Enchantress
 57394 | Depths:3 | Killed the Enchantress
 57398 | Depths:3 | HP: 7/222 [sphinx/divine providence (12)]
 57421 | Depths:3 | HP: 10/222 [yaktaur/spear of distortion (4)]
 57422 | Depths:3 | HP: 4/222 [sphinx (4)]
 57422 | Depths:3 | Mangled by a yaktaur

Skill      XL: |  1  2  3  4  5  6  7  8  9 10 11 12 13 14 15 16 17 18 19 20 21 22 23 |
---------------+----------------------------------------------------------------------+-----
Long Blades    | 3 4 5 7 9 10 11 13 14 15 16 17 19 20 21 22 23 | 23.0
Dodging        | 1 2 3 5 6 8 9 10 11 12 13 14 15 16 17 | 17.1
Armour         | 4 5 6 7 9 10 11 13 14 15 16 17 18 19 20 21 22 | 22.1
Fighting       | 4 5 6 7 8 9 10 11 12 13 14 15 16 17 18 20 21 | 21.9
Invocations    | 2 4 5 7 8 9 10 11 12 | 12.0
Shields        | 4 7 9 10 11 | 11.7
Crossbows      | 5 7 9 11 12 13 | 13.0

Action                   |  1- 3 |  4- 6 |  7- 9 | 10-12 | 13-15 | 16-18 | 19-21 | 22-24 || total
-------------------------+-------+-------+-------+-------+-------+-------+-------+-------++-------
Melee: Long sword        |    62 |   142 |   406 |       |       |       |       |       ||   610
       Headbutt          |    11 |    18 |    65 |   173 |   248 |   367 |   289 |   235 ||  1406
       Scimitar          |       |       |    74 |   258 |    75 |       |       |       ||   407
       Demon blade       |       |       |       |   418 |   722 |   944 |       |       ||  2084
       Great sword       |       |       |       |       |   100 |   307 |  1071 |   861 ||  2339
 Fire: Arbalest          |       |       |       |       |       |       |   255 |   318 ||   573
Invok: Heroism           |       |       |       |     1 |       |     4 |     8 |     8 ||    21
       Finesse           |       |       |       |     1 |       |     3 |     7 |     8 ||    19
 Abil: Evoke Flight      |       |       |       |       |     2 |     1 |       |       ||     3
Evoke: Wand              |       |       |     1 |     2 |     1 |       |       |     2 ||     6
       Lamp of fire      |       |       |       |       |     1 |       |     1 |       ||     2
       Phantom mirror    |       |       |       |       |       |       |     1 |       ||     1
       Box of beasts     |       |       |       |       |       |       |       |     2 ||     2
  Use: Potion            |     5 |     1 |     3 |     3 |     1 |     2 |     8 |    14 ||    37
       Scroll            |       |     7 |     5 |     5 |    18 |    13 |    16 |    10 ||    74
 Stab: Distracted        |       |       |       |       |       |       |     1 |     1 ||     2
       Invisible         |       |       |       |       |       |       |       |     1 ||     1
  Eat: Chunk             |     2 |     5 |     3 |    26 |    30 |    11 |    15 |     4 ||    96
       Bread ration      |       |       |     1 |     2 |     2 |     6 |     5 |     5 ||    21
       Meat ration       |       |       |     1 |       |       |       |       |       ||     1
       Royal jelly       |       |       |       |       |       |       |     1 |       ||     1
       Fruit             |       |       |       |       |       |       |     1 |       ||     1
Armor: Scale mail        |    22 |    83 |    38 |       |       |       |       |       ||   143
       Chain mail        |       |       |   196 |   274 |   404 |   782 |   783 |   808 ||  3247
Dodge: Dodged            |    17 |    48 |   100 |   185 |   361 |   812 |   820 |   725 ||  3068
Block: Shield            |    26 |    74 |   183 |   210 |       |       |       |       ||   493
       Buckler           |       |       |       |       |   275 |   576 |       |       ||   851
       Other             |       |       |       |       |       |       |     1 |   117 ||   118
       Reflection        |       |       |       |       |       |       |       |     2 ||     2
       Rpst.: Long sword |     6 |    17 |    22 |       |       |       |       |       ||    45
       Scimitar          |       |       |     2 |    15 |     7 |       |       |       ||    24
       Demon blade       |       |       |       |    31 |    62 |   119 |       |       ||   212
       Great sword       |       |       |       |       |     8 |    37 |   122 |   100 ||   267
